 Dungeon Crawl Stone Soup version 0.13-a0-1660-ga2b9f94 (webtiles) character file.

274 M4edhros the Sneak (level 4, -4/29 HPs)
             Began as an Octopode Artificer on June 18, 2013.
             Was an Initiate of Fedhas.
             Slain by an orc
             ... wielding a -1,+0 orcish flail
              (9 damage)
             ... on Level 3 of the Dungeon.
             The game lasted 00:03:25 (2209 turns).

M4edhros the Sneak (Octopode Artificer)             Turns: 2209, Time: 00:03:25

HP  -4/29        AC  1     Str 10      XL: 4   Next: 27%
MP   6/6         EV 13     Int 15      God: Fedhas [......]
Gold 201         SH  0     Dex 12      Spells:  0 memorised,  3 levels left

Res.Fire  : . . .   See Invis. : .   n - +0 falchion
Res.Cold  : . . .   Warding    : .   (no shield)
Life Prot.: . . .   Conserve   : .   (helmet restricted)
Res.Poison: .       Res.Corr.  : .   (no amulet)
Res.Elec. : .       Clarity    : .   j - cursed ring of teleportation
Sust.Abil.: + .     Spirit.Shd : .   k - ring of sustain abilities {unknown}
Res.Mut.  : .       Rnd.Telep. : +   (no ring)
Res.Rott. : .       Flight     : .   (no ring)
Saprovore : . . .                    (no ring)
                                     (no ring)
                                     (no ring)
                                     (no ring)

@: slightly resistant to hostile enchantments, quite stealthy
A: almost no armour, amphibious, 8 rings, constrict 8, camouflage 1, AC +1
a: Renounce Religion, Evoke Teleportation


You were on level 3 of the Dungeon.
You worshipped Fedhas.
Fedhas was noncommittal.
You were not hungry.

You visited 1 branch of the dungeon, and saw 3 of its levels.

You collected 181 gold pieces.

Inventory:

Hand weapons
 a - a +0,+0 short sword
 n - a +0,+0 falchion (weapon)
 s - a +1,+1 sling
Missiles
 t - 23 stones (quivered)
Magical devices
 b - a wand of flame (13)
 c - a wand of enslavement (14)
 d - a wand of random effects (14)
Comestibles
 f - 3 bread rations
 l - an orange
 x - a meat ration
Scrolls
 e - 2 scrolls of remove curse {unknown}
 g - 2 scrolls of curse weapon {unknown}
 h - 4 scrolls of identify {unknown}
 p - a scroll of magic mapping {unknown}
 q - a scroll of teleportation {unknown}
 u - a scroll of random uselessness {unknown}
 v - a scroll of curse armour {unknown}
 w - 2 scrolls of recharging
Jewellery
 j - a cursed ring of teleportation (left tentacle)
 k - a ring of sustain abilities (right tentacle) {unknown}
Potions
 i - 2 potions of curing
 m - 2 potions of speed
 o - a potion of invisibility {unknown}
 r - a potion of heal wounds


   Skills:
 - Level 1.0 Fighting
 - Level 1.0 Short Blades
 * Level 1.5 Long Blades
 + Level 3.0 Dodging
 + Level 4.1 Stealth
 - Level 2.1 Traps
 - Level 3.2 Evocations


You had 3 spell levels left.
You didn't know any spells.

Dungeon Overview and Level Annotations

Branches:
Dungeon (3/27)

Altars:
Fedhas
Kikubaaqudgha

Annotations
D:2 Sigmund


Innate Abilities, Weirdness & Mutations

You cannot wear most types of armour.
You are amphibious.
You can wear up to eight rings at the same time.
You can use your tentacles to constrict many enemies at once.
Your skin changes colour to match your surroundings (Stlth).
Your rubbery body absorbs attacks (AC +1).


Message History

The orc hits you with an orcish flail!
You hit the orc but do no damage. Your grab misses the orc.
You squeeze the orc.
The orc is almost dead.
The orc closely misses you.
You hit the orc but do no damage. You grab the orc.
The orc is almost dead.
You constrict the orc, but do no damage.
The orc completely misses you.
You hit the orc but do no damage.
The orc is almost dead.
You constrict the orc, but do no damage.
The orc hits you with an orcish flail!
* * * LOW HITPOINT WARNING * * *
You hit the orc but do no damage.
The orc is almost dead.
You constrict the orc, but do no damage.
The orc hits you with an orcish flail!
You die...
Fedhas appreciates your contribution to the ecosystem.

###.########.....)...#........#..
#...........................#..
###....+....................'..
######....................##.
##+#######...#..........
#$................#.
#...............).(.
#.$...............#.
#..@..............#.
#..o........#######. .
####+##...........# #. .
#.....#...........# #. .
#.....#....?.[....# #. .
#.....#...........# #. #
#.....############# #. #.....# #.
#.....# #.


You could see an orc.

Vanquished Creatures
  3 adders (D:2)
  A giant gecko (D:2)
  An ooze (D:2)
  An orc (D:3)
  7 bats
  7 goblins
  4 hobgoblins
  2 jackals (D:1)
  A ball python (D:2)
  A giant cockroach (D:2)
  A giant gecko zombie (D:3)
  3 giant newts
  7 kobolds
  5 rats
44 creatures vanquished.

Vanquished Creatures (collateral kills)
  A giant cockroach (D:2)
  A rat (D:2)
2 creatures vanquished.

Vanquished Creatures (others)
  4 toadstools
4 creatures vanquished.

Grand Total: 50 creatures vanquished

Notes
Turn   | Place    | Note
--------------------------------------------------------------
     0 | D:1      | M4edhros, the Octopode Artificer, began the quest for the Orb.
     0 | D:1      | Reached XP level 1. HP: 14/14 MP: 1/1
   359 | D:1      | Reached XP level 2. HP: 10/19 MP: 3/3
   837 | D:2      | Found a blossoming altar of Fedhas.
   849 | D:2      | Became a worshipper of Fedhas Madash
   892 | D:2      | Reached XP level 3. HP: 22/24 MP: 4/4
  1111 | D:2      | Noticed Sigmund
  1510 | D:2      | Reached skill level 1 in Long Blades
  1510 | D:2      | Reached XP level 4. HP: 29/29 MP: 6/6
  1781 | D:3      | Reached skill level 4 in Stealth
  2060 | D:3      | Found an ancient bone altar of Kikubaaqudgha.
  2209 | D:3      | Slain by an orc

Action                   |  1- 3 |  4- 6 || total
-------------------------+-------+-------++-------
Melee: Short sword       |    41 |       ||    41
       Falchion          |    21 |    41 ||    62
 Abil: Evoke Teleportati |       |     1 ||     1
Evoke: Wand              |     3 |     1 ||     4
  Use: Potion            |     4 |       ||     4
 Stab: Sleeping          |    12 |     4 ||    16
